 Dungeon Crawl Stone Soup version 0.28-b1-25-g9875b3fc8c (webtiles) character file.

Game seed: 13456510854530127560

884 Armakuni the Destroyer (level 8, -1/52 HPs)
             Began as a Human Conjurer on Feb 5, 2022.
             Slain by a gnoll (8 damage)
             ... on level 5 of the Dungeon.
             The game lasted 00:17:41 (5538 turns).

Armakuni the Destroyer (Human Conjurer)             Turns: 5538, Time: 00:17:42

Health: -1/52      AC:  3    Str: 10    XL:     8   Next: 26%
Magic:  12/12      EV:  6    Int: 24    God:
Gold:   241        SH:  0    Dex: 12    Spells: 5/13 levels left

rFire   . . .      SeeInvis .   a - +3 dagger (drain)
rCold   . . .      Faith    .   (no shield)
rNeg    . . .      Spirit   .   c - +0 leather armour
rPois   +          Reflect  .   (no helmet)
rElec   .          Harm     .   (no cloak)
rCorr   .          Rampage  .   (no gloves)
Will    .....                   (no boots)
Stlth   ++........              (no amulet)
HPRegen 0.17/turn               P - ring of poison resistance
MPRegen 0.13/turn               I - +6 ring of intelligence

@: held
A: no striking features
a: no special abilities


You were on level 5 of the Dungeon.
You visited 1 branch of the dungeon, and saw 5 of its levels.

You collected 241 gold pieces.

Inventory:

Hand Weapons
 a - a +3 dagger of draining (weapon)
 l - a +2 dire flail of draining
Missiles
 g - 9 poisoned darts
Armour
 c - a +0 leather armour (worn)
 f - a +0 chain mail of fire resistance
 n - a +0 pair of gloves of infusion
 o - a +0 ring mail
Jewellery
 I - a +6 ring of intelligence (right hand)
 L - a ring of flight
 P - a ring of poison resistance (left hand)
Wands
 j - a wand of iceblast (4)
Scrolls
 e - 5 scrolls of teleportation
 m - a scroll of amnesia
 p - a scroll of noise
 r - a scroll of immolation {unknown}
 t - a scroll of magic mapping
Potions
 b - 2 potions of haste
 d - 3 potions of lignification
 h - 3 potions of mutation
 i - 2 potions of heal wounds {unknown}
 k - a potion of magic {unknown}
 q - a potion of degeneration {unknown}
 s - a potion of invisibility {unknown}
 u - a potion of might {unknown}


   Skills:
 - Level 2.0 Dodging
 - Level 2.0 Stealth
 - Level 0.2 Unarmed Combat
 - Level 3.1 Spellcasting
 + Level 8.5 Conjurations
 + Level 3.5 Translocations


You had 5 spell levels left.
You knew the following spells:

 Your Spells              Type           Power      Damage    Failure   Level
a - Searing Ray           Conj           88%        2d7       1%          2
b - Blink                 Tloc           40%        N/A       5%          2
m - Iskenderun's Mystic   Conj/Tloc      32%        2d8       12%         4

Your spell library contained the following spells:

 Spells                   Type           Power      Damage    Failure   Level
 Magic Dart               Conj           100%       1d8       1%          1
 Dazzling Flash           Conj/Hex       48%        N/A       8%          3
 Lesser Beckoning         Tloc           20%        N/A       11%         3
 Fulminant Prism          Conj/Hex       12%        3d9       26%         4
 Confusing Touch          Hex            3%         N/A       41%         3
 Manifold Assault         Tloc           20%        N/A       67%         5
 Yara's Violent Unravell  Hex/Tmut       1%         3d3       99%         5
 Enfeeble                 Hex            1%         N/A       100%        7


Dungeon Overview and Level Annotations

Branches:
Dungeon (5/15)
 Temple: D:4-7

Altars:
Dithmenos
Ru

Shops:
D:3 (


Message History

The gnoll shouts! x2
The gnoll throws a throwing net.
The throwing net hits you.
You become entangled in the net!
You see here a throwing net.
You struggle against the net.
You struggle against the net.
The gnoll closely misses you.
You struggle against the net.
The gnoll shouts!
The gnoll hits you from afar with a +0 halberd!
You struggle against the net.
The gnoll barely misses you.
You struggle against the net.
The gnoll barely misses you.
You rip the net and break free!
The gnoll hits you with a +0 flail!
The gnoll hits you from afar with a +0 halberd.
Okay, then.
Unknown command.
Aiming: Iceblast
Press: ? - help, Shift-Dir - straight line, f - gnoll
Aim: a gnoll, wielding a +0 halberd The mass of ice explodes!
The iceblast engulfs the gnoll!
The gnoll is almost dead.
The iceblast engulfs the gnoll!
The gnoll is almost dead.
The iceblast engulfs the gnoll!
The gnoll is almost dead.
The gnoll sergeant shouts!
The gnoll barely misses you.
The gnoll hits you from afar with a +0 halberd.
Unknown command.
The gnoll throws a throwing net.
The throwing net hits you.
You become entangled in the net!
You see here a throwing net.
You struggle against the net.
The gnoll barely misses you.
A jelly comes into view.
You struggle against the net.
The gnoll barely misses you.
The gnoll hits you from afar with a +0 halberd!
* * * LOW HITPOINT WARNING * * *
The gnoll hits you with a +0 flail.
* * * LOW HITPOINT WARNING * * *
The gnoll hits you from afar with a +0 halberd!
You die...

#......#........
J##......######....
... ...........#
.... ...
...........# ....
... .........[.# ..
... ...........#
... .........## ...
##......## #
#....@..# #
#...gg..# +
#..g.g..# #
#.......# #
##..g#### # #...#
....
..(............
....
........g...ggg
....
...............
....


You could see a gnoll sergeant, a jelly and 4 gnolls.

Vanquished Creatures
  Edmund (D:5)
  A water moccasin (D:3)
  A hornet zombie (D:5)
  2 ogres (D:5)
  A phantom (D:4)
  A scorpion (D:5)
  A howler monkey (D:5)
  A hound (D:4)
  2 iguanas
  A hound skeleton (D:4)
  A howler monkey skeleton (D:4)
  4 adders
  An ufetubus (D:2)
  An adder skeleton (D:4)
  A worm (D:2)
  2 dart slugs
  6 orcs (D:3)
  3 ball pythons
  4 bats
  9 endoplasms
  5 giant cockroaches
  9 hobgoblins
  2 jackals (D:2)
  8 kobolds
  3 quokkas
  A ball python zombie (D:3)
  3 frilled lizards (D:1)
  9 goblins
  6 rats
90 creatures vanquished.

Notes
Turn   | Place    | Note
-------+----------+-------------------------------------------
     0 | D:1      | Armakuni the Human Conjurer began the quest for the Orb.
     0 | D:1      | Reached XP level 1. HP: 13/13 MP: 3/3
   243 | D:1      | Reached XP level 2. HP: 8/19 MP: 0/5
   296 | D:1      | Learned a level 2 spell: Searing Ray
   781 | D:1      | Reached XP level 3. HP: 18/24 MP: 2/6
  1298 | D:2      | Reached XP level 4. HP: 30/30 MP: 2/8
  1404 | D:2      | Found a sacrificial altar of Ru.
  1545 | D:2      | Reached skill level 5 in Conjurations
  2494 | D:3      | Learned a level 2 spell: Blink
  2499 | D:3      | Learned a level 4 spell: Iskenderun's Mystic Blast
  2604 | D:3      | Reached XP level 5. HP: 35/35 MP: 6/9
  2829 | D:3      | Found Bago Wei's Weapon Shoppe.
  2838 | D:3      | Reached skill level 1 in Translocations
  3344 | D:3      | Noticed a water moccasin
  3348 | D:3      | Killed a water moccasin
  3349 | D:3      | Reached XP level 6. HP: 41/41 MP: 5/10
  4013 | D:4      | Reached skill level 6 in Conjurations
  4618 | D:4      | Reached XP level 7. HP: 45/46 MP: 5/11
  4990 | D:5      | Entered Level 5 of the Dungeon
  5061 | D:5      | Reached skill level 7 in Conjurations
  5231 | D:5      | Found a shadowy altar of Dithmenos.
  5301 | D:5      | Reached skill level 8 in Conjurations
  5301 | D:5      | Reached XP level 8. HP: 52/52 MP: 6/12
  5358 | D:5      | Noticed Edmund
  5365 | D:5      | Killed Edmund
  5538 | D:5      | Slain by a gnoll

Illustrated notes

Levels and vault maps discovered:
D:1:      nzn_arrival_settlement, layout_rooms, serial_rivers,
          chequers_serial_rivers_small_b, chequers_serial_rivers_large_b,
          chequers_serial_rivers_micro_c, chequers_serial_rivers_small_a,
          chequers_serial_rivers_micro_b
D:2:      layout_basic, basic_altar
D:3:      minmay_chambers_of_threes, layout_basic, serial_shops,
          nicolae_shop_waterfront
D:4:      layout_basic
D:5:      layout_gridville, mainiacjoe_overflow_six_doors_small,
          gammafunk_temple_overflow_pools, uniq_edmund

Skill      XL: |  1  2  3  4  5  6  7 |
---------------+----------------------+-----
Conjurations   | 5 6 8 |  8.5
Spellcasting   | 3 |  3.1
Translocations | 2 3 |  3.5
Dodging        | |  2.0
Stealth        | |  2.0
Unarmed Combat | |  0.2

Action                   |  1- 3 |  4- 6 |  7- 9 || total
-------------------------+-------+-------+-------++-------
Melee: Unarmed           |    17 |       |       ||    17
       Short sword       |     1 |       |       ||     1
       Dagger            |       |    18 |     4 ||    22
       Punch             |       |     1 |       ||     1
 Cast: Magic Dart        |    10 |       |       ||    10
       Searing Ray       |    14 |    52 |    10 ||    76
Evoke: Wand              |       |       |     5 ||     5
  Use: Scroll            |       |     9 |     3 ||    12
       Potion            |       |     1 |       ||     1
 Stab: Sleeping          |     1 |       |       ||     1
Armor: Leather armour    |    11 |    10 |       ||    21
       Skin              |       |     1 |       ||     1
Dodge: Dodged            |    13 |    25 |    10 ||    48
